 Dungeon Crawl Stone Soup version 0.28.0 (webtiles) character file.

Game seed: 9989166396156702843

49 Findor the Cudgeller (level 3, -2/21 HPs)
             Began as a Gargoyle Gladiator on Feb 6, 2022.
             Slain by Sigmund (10 damage)
             ... on level 2 of the Dungeon.
             The game lasted 00:02:51 (2058 turns).

Findor the Cudgeller (Gargoyle Gladiator)           Turns: 2058, Time: 00:02:52

Health: -2/21      AC:  7    Str: 19    XL:     3   Next: 75%
Magic:  3/3        EV: 12    Int:  8    God:
Gold:   47         SH:  0    Dex: 11    Spells: 2/2 levels left

rFire   . . .      SeeInvis .   a - +0 flail
rCold   . . .      Faith    .   (no shield)
rNeg    + + .      Spirit   .   b - +0 leather armour
rPois   ∞          Reflect  .   c - +0 helmet
rElec   +          Harm     .   (no cloak)
rCorr   .          Rampage  .   (no gloves)
Will    .....                   (no boots)
Stlth   +.........              (no amulet)
HPRegen 0.07/turn               l - ring of positive energy
MPRegen 0.08/turn               (no ring)

@: attractive, flying
A: sickness immunity, AC +3, negative energy resistance 1, electricity
resistance, torment resistance 1, petrification resistance
a: no special abilities


You were on level 2 of the Dungeon.
You visited 1 branch of the dungeon, and saw 2 of its levels.

You collected 47 gold pieces.


Innate Abilities, Weirdness & Mutations

You are immune to sickness and miasma.
Your stone body is resilient. (AC +3)
You are immune to poison.
You resist negative energy. (rN+)
You are resistant to electric shocks. (rElec)
You are resistant to unholy torment.
You are immune to petrification.


   Skills:
 - Level 2.1 Fighting
 * Level 4.6 Maces & Flails
 - Level 1.7 Throwing
 - Level 2.4 Dodging


You had 2 spell levels left.
You didn't know any spells.
Your spell library contained the following spells:

 Spells                   Type           Power      Damage    Failure   Level
 Shock                    Conj/Air       0%         1d3       45%         1
 Swiftness                Air            0%         N/A       83%         3
 Airstrike                Air            0%         N/A       99%         4

Inventory:

Hand Weapons
 a - a +0 flail (weapon)
Missiles
 d - 3 throwing nets (quivered) {!f}
Armour
 b - a +0 leather armour (worn)
 c - a +0 helmet (worn)
Jewellery
 l - a ring of positive energy (left hand)
   (You found it on level 2 of the Dungeon)
Scrolls
 e - 3 scrolls of identify {unknown}
 h - a scroll of teleportation {unknown}
 k - a scroll of fog {unknown}
Potions
 f - a potion of haste {@q3}
 j - a potion of attraction {!q}


Message History

You completely miss the hobgoblin.
A goblin comes into view. It is wielding a +0 club.
The hobgoblin closely misses you.
Sigmund shouts!
You sock the hobgoblin!
You kill the hobgoblin!
Sigmund drinks a potion.
Sigmund seems to speed up.
You sock the goblin!
You kill the goblin!
A goblin comes into view. It is wielding a +0 dagger.
You barely miss Robin.
The goblin shouts!
You hear a shout!
Sigmund gestures wildly while chanting.
Sigmund flickers and vanishes!
Deactivating autopickup; reactivate with Ctrl-A.
A puff of flame appears from out of thin air!
The puff of flame hits you! Robin hits you but does no damage.
You hit Robin.
You are confused.
Robin hits you but does no damage. Robin barely misses you.
It was a potion of attraction.
You feel attractive to monsters. Robin throws the goblin at you!
The goblin hits you with a +0 club.
* * * LOW HITPOINT WARNING * * *
A hobgoblin comes into view.
Something is attracted toward you. The goblin is attracted toward you.
The hobgoblin is attracted toward you.
It was a potion of flight.
You feel very buoyant.
You fly up into the air.
Something completely misses you.
Robin roars a battlecry!
The hobgoblin goes into a battle-frenzy!
A goblin comes into view. It is wielding a +0 dagger.
The goblin closely misses you.
You hear a shout!
The goblin shouts!
You hear a shout!
The worm is attracted toward you. The goblin is attracted toward you.
You closely miss Robin. Something hits you!
* * * LOW HITPOINT WARNING * * *
Something burns you.
* * * LOW HITPOINT WARNING * * *
Robin roars a battlecry!
The goblin goes into a battle-frenzy!
The goblin closely misses you.
It was a potion of curing.
You feel better. Something hits you but does no damage.
A goblin comes into view. It is wielding a +0 dagger.
The goblin closely misses you. The goblin is attracted toward you.
The goblin shouts!
You hit Robin. Something hits you!
You die...

#...8........#####..###
####................. ....
###.........#....###... #...
#.......#...#.#.####.## #...
#...#.......###.#.......###P≈≈
..# #..###### #.#####....##.g≈
##.## #.# #.##...g≈≈
..#####<.#########g#####.##g.#...
...............g@ggw.#....wg##..#
.#####..############gg§..######..
#..## ####........... ... #..#
###...P88##...### .[.
###.#######.......8##.#.# #..
#...........###P...##.#... ..
#..#............P.8........
###).#.......##########.####.
..>..#########


P You could see a worm, Robin, a hobgoblin (strong) and 4 goblins.

Vanquished Creatures
  3 dart slugs (D:1)
  3 bats (D:1)
  A bat skeleton (D:2)
  2 bat zombies (D:2)
  4 endoplasms (D:1)
  2 giant cockroaches (D:1)
  4 goblins
  4 hobgoblins
  2 jackals
  3 kobolds (D:1)
  2 ball pythons (D:1)
  2 ball python skeletons (D:2)
  2 frilled lizards (D:1)
  4 rats (D:1)
38 creatures vanquished.

Vanquished Creatures (others)
  A withered plant (D:2)
1 creature vanquished.

Grand Total: 39 creatures vanquished

Notes
Turn   | Place    | Note
-------+----------+-------------------------------------------
     0 | D:1      | Findor the Gargoyle Gladiator began the quest for the Orb.
     0 | D:1      | Reached XP level 1. HP: 12/12 MP: 1/1
   105 | D:1      | Reached XP level 2. HP: 7/17 MP: 2/2
   370 | D:1      | HP: 2/17 [frozen (3)]
   889 | D:1      | Reached skill level 4 in Maces & Flails
  1259 | D:1      | Found a faded altar of an unknown god.
  1272 | D:1      | Reached XP level 3. HP: 20/21 MP: 3/3
  1869 | D:2      | Noticed Sigmund
  2024 | D:2      | Found a hazy altar of Hepliaklqana.
  2026 | D:2      | Noticed Robin
  2056 | D:2      | HP: 3/21 [something (7)]
  2058 | D:2      | Slain by Sigmund

Levels and vault maps discovered:
D:1:      psy_arrival_conway, layout_loops_corners,
          shapermc_ecumenical_altar_starsandcircs
D:2:      layout_rooms, basic_altar, serial_undead, serial_undead_d,
          serial_undead_f, serial_undead_c, serial_undead_f, uniq_sigmund,
          uniq_robin

Action                   || total
-------------------------++-------
Melee: Flail             ||   129
       Punch             ||     1
  Use: Potion            ||     3
 Stab: Distracted        ||     1
Armor: Leather armour    ||    60
Dodge: Dodged            ||   107
